 Dungeon Crawl Stone Soup version 0.30-a0-389-g8d7d949f56 (webtiles) character file.

Game seed: 15969922744503798725

542 spardeous the Nimble (level 7, 32/32 HPs)
             Began as a Felid Transmuter on Dec 4, 2022.
             Got out of the dungeon alive.
             The game lasted 00:16:29 (5693 turns).

spardeous the Nimble (Felid Transmuter)             Turns: 5693, Time: 00:16:29

Health: 32/32      AC:  2    Str:  6    XL:     7   Next: 6%
Magic:  11/11      EV: 26    Int: 14    God:
Gold:   122        SH:  0    Dex: 25    Spells: 0/10 levels left
                                        Lives:  0   Deaths: 2

rFire   . . .      SeeInvis +      - Unarmed
rCold   . . .      Faith    .    (shield unavailable)
rNeg    . . .      Spirit   .    (body armour unavailable)
rPois   .          Reflect  .    (helmet unavailable)
rElec   .          Harm     .    (cloak unavailable)
rCorr   .          Rampage  .    (gloves unavailable)
Will    +....                    (boots unavailable)
Stlth   ++........               (no amulet)
HPRegen 0.25/turn                c - +6 ring of dexterity
MPRegen 0.12/turn                (no ring)

@: quick
A: very small, claws 1, fangs 3, see invisible, speed 1, shaggy fur 2, stealthy
paws, no weapons or thrown items, no armour, multi-lived
a: no special abilities


You escaped.
You visited 2 branches of the dungeon, and saw 6 of its levels.

You collected 200 gold pieces.
You spent 78 gold pieces at shops.

Inventory:

Jewellery
 c - a +6 ring of dexterity (left paw)
 s - an amulet of faith
Scrolls
 a - a scroll of teleportation {unknown}
 d - a scroll of silence
 f - 4 scrolls of immolation
 g - a scroll of torment {unknown}
 k - a scroll of enchant weapon
 q - a scroll of enchant armour {unknown}
 r - a scroll of noise {unknown}
 t - a scroll of amnesia {unknown}
Potions
 b - a potion of curing
 e - a potion of resistance
 h - a potion of ambrosia
 i - a potion of brilliance
 j - a potion of degeneration
 l - a potion of magic {unknown}
 m - a potion of haste
 n - 3 potions of flight
 o - a potion of invisibility
 p - a potion of mutation {unknown}


   Skills:
 - Level 4.0 Fighting
 - Level 9.1 Dodging
 - Level 3.0 Unarmed Combat
 - Level 2.0 Spellcasting
 + Level 6.8 Transmutations


You couldn't memorise any spells.
You knew the following spells:

 Your Spells              Type           Power      Damage    Failure   Level
a - Beastly Appendage     Tmut           40%        N/A       1%          1
b - Spider Form           Tmut/Pois      11%        N/A       17%         3
c - Statue Form           Tmut/Erth      7%         N/A       100%        6

Your spell library contained the following spells:

 Spells                   Type           Power      Damage    Failure   Level
 Wereblood                Tmut           20%        N/A       2%          2
 Sublimation of Blood     Necr           1%         N/A       34%         2
 Ice Form                 Ice/Tmut       11%        N/A       50%         4
 Petrify                  Tmut/Erth      11%        N/A       50%         4
 Call Canine Familiar     Summ           1%         N/A       56%         3
 Irradiate                Conj/Tmut      5%         3d13      85%         5
 Dragon's Call            Summ           0%         N/A       100%        9


Dungeon Overview and Level Annotations

Branches:
Dungeon (5/15)             Temple (1/1) D:4

Altars:
Dithmenos
Elyvilon
Fedhas
Hepliaklqana
Makhleb
Nemelex Xobeh
Okawaru
Ru
Sif Muna
Trog
Uskayaw
Vehumet
Wu Jian
Xom
Zin
The Shining One

Shops:
D:1 ?


Innate Abilities, Weirdness & Mutations

You have sharp claws.
You have razor-sharp teeth.
You have supernaturally acute eyesight. (SInv)
You cover ground quickly. (Speed+)
You are covered in thick fur. (AC +2)
Your paws help you pounce on unaware monsters.
You are incapable of wielding weapons or throwing items.
You cannot wear armour.
You gain extra lives every three experience levels.


Message History

The orc is heavily wounded.
You die...
Your shape twists and changes as you die.
You feel extremely sick.
You kill the orc!
You are now level 7!
Your transformation has ended.
You rejoin the land of the living...
(D) Dungeon (T) Temple
Where to? (Enter - D:5, ? - help)
Found 17 gold pieces.
Items here: ))) [[[ ††.
There is a stone staircase leading up here.
You climb upwards.
There is a stone staircase leading down here.
Okay, then.
(D) Dungeon (T) Temple
Where to? (Enter - D:4, ? - help)
There is a stone staircase leading up here.
You climb upwards.
There is a stone staircase leading down here.
(D) Dungeon (T) Temple
Where to? (Enter - D:3, ? - help)
There is a stone staircase leading up here.
You climb upwards.
There is a stone staircase leading down here.
(D) Dungeon (T) Temple
Where to? (Enter - D:2, ? - help)
There is a stone staircase leading up here.
You climb upwards.
There is a stone staircase leading down here.
(D) Dungeon (T) Temple
Where to? (Enter - D:1, ? - help)
Okay, then.
(D) Dungeon (T) Temple
Where to? (Enter - D:1, ? - help)
Okay, then.
There is a staircase leading out of the dungeon here.
Are you sure you want to leave the Dungeon?
This will make you lose the game!
You have escaped!

..######.#............#.#........
..# #..#....#.....#..#........
..# #...#....#...#...#......[.
#.# #....#..#.#.#....#........
#.# #.....##...#)....#........
#.## #.....#...#.#....#........
#..#####....#...#...#...#..###+#+
##....##...#...#.#[..#..#......#.
####.....#...#.@.#...#..........
####.#.#.#.....#....#.....###
#....#.....#.#...#........
#...#.#...#......#......##
#.....##.#.#.....#..#.#.#.
#....#..#...#....#..#.#.#.
#...#....#...#...#..#.#.#.
#..#..........#..#..#'#...
#.#)...........#.#........


There were no monsters in sight!

Vanquished Creatures
  Grinder (D:3)
  A water moccasin (D:5)
  An ogre (D:4)
  2 phantoms
  A necrophage (D:4)
  5 wights
  A jelly (D:3)
  A gnoll bouda (D:4)
  An iguana (D:4)
  3 orc wizards
  2 adders
  7 gnolls
  2 worms
  A dart slug (D:1)
  11 orcs
  4 endoplasms
  2 giant cockroaches
  11 goblins
  3 hobgoblins
  3 jackals (D:2)
  5 kobolds
  A quokka (D:3)
  10 ball pythons
  6 bats
  2 frilled lizards
  4 rats
91 creatures vanquished.

Notes
Turn   | Place    | Note
-------+----------+-------------------------------------------
     0 | D:1      | spardeous the Felid Transmuter began the quest for the Orb.
     0 | D:1      | Reached XP level 1. HP: 9/9 MP: 4/4
   134 | D:1      | Reached skill level 3 in Dodging
   189 | D:1      | You fall into a shaft and drop 1 floor!
   237 | D:2      | Reached XP level 2. HP: 12/12 MP: 4/6
   513 | D:2      | Reached XP level 3. HP: 16/16 MP: 7/7
   645 | D:2      | Reached skill level 4 in Dodging
   890 | D:1      | Found Viracam's Magic Scroll Boutique.
   894 | D:1      | Bought a scroll of identify for 26 gold pieces
   894 | D:1      | Bought a scroll of identify for 26 gold pieces
   894 | D:1      | Bought a scroll of identify for 26 gold pieces
  1501 | D:3      | Noticed Grinder
  1702 | D:3      | Learned a level 3 spell: Spider Form
  1921 | D:4      | Reached XP level 4. HP: 21/21 MP: 4/8
  2011 | D:4      | Found a staircase to the Ecumenical Temple.
  2027 | Temple   | Entered the Ecumenical Temple
  2294 | D:4      | Noticed an ogre
  2335 | D:4      | Killed an ogre
  2336 | D:4      | Reached skill level 5 in Dodging
  2336 | D:4      | Reached XP level 5. HP: 13/24 MP: 7/9
  2408 | D:3      | Paralysed by Grinder for 2 turns
  2828 | D:3      | Reached skill level 6 in Dodging
  3016 | D:4      | Gained mutation: You are covered in thick fur. (AC +2)
                  | [Felid growth]
  3016 | D:4      | Reached XP level 6. HP: 17/28 MP: 7/10
  3201 | D:4      | HP: 1/28 [adder (2)]
  3203 | D:4      | Slain by an adder
  3204 | D:4      | Reached XP level 5. HP: 0/25 MP: 8/9
  3393 | D:4      | HP: 1/25 [poisoned by miscasting Spider Form]
  3535 | D:3      | Paralysed by Grinder for 4 turns
  3558 | D:3      | Killed Grinder
  3559 | D:3      | Reached skill level 7 in Dodging
  3559 | D:3      | Reached XP level 6. HP: 3/28 MP: 4/10
  4020 | D:4      | Reached XP level 7. HP: 20/32 MP: 8/11
  4426 | D:5      | Entered Level 5 of the Dungeon
  4577 | D:4      | Reached skill level 8 in Dodging
  4577 | D:4      | Reached skill level 5 in Transmutations
  5414 | D:5      | Got the Cyclopedia of Generation and Minerals
  5435 | D:5      | Reached skill level 9 in Dodging
  5442 | D:5      | Learned a level 6 spell: Statue Form
  5492 | D:5      | Reached XP level 8. HP: 25/36 MP: 8/12
  5574 | D:5      | Succumbed to an orc's poison
  5575 | D:5      | Reached XP level 7. HP: -3/32 MP: 9/11
  5693 | D:$      | Got out of the dungeon alive.

Illustrated notes

Levels and vault maps discovered:
D:1:      matt_arrival_diagonals, layout_basic, serial_shops, shop
D:2:      layout_loops_ring, hangedman_decor_lopped, hangedman_decor_riveting
D:3:      layout_rooms, uniq_grinder
D:4:      layout_cave_pods, minmay_temple_entry_sparse_star,
          kennysheep_generic_room_12
D:5:      layout_loops_ring
Temple:   minmay_temple_bridge_d

Skill      XL: |  1  2  3  4  5  6  7 |
---------------+----------------------+-----
Dodging        | 3 4 5 7 9 |  9.1
Fighting       | 2 3 4 |  4.0
Transmutations | 4 6 |  6.8
Unarmed Combat | |  3.0
Spellcasting   | |  2.0

Action                   |  1- 3 |  4- 6 |  7- 9 || total
-------------------------+-------+-------+-------++-------
Melee: Unarmed           |   122 |   111 |   163 ||   396
       Headbutt          |    15 |     6 |    15 ||    36
       Bite              |    13 |     5 |    12 ||    30
       Punch             |     2 |     1 |     1 ||     4
 Cast: Beastly Appendage |    37 |    11 |    13 ||    61
       Spider Form       |     2 |    17 |    15 ||    34
  Use: Scroll            |     6 |       |       ||     6
       Potion            |       |     7 |       ||     7
 Stab: Sleeping          |     3 |       |     1 ||     4
       Invisible         |       |     4 |       ||     4
Armor: Skin              |     7 |     9 |     3 ||    19
Dodge: Dodged            |    99 |   133 |   191 ||   423

Table legend: (Time is in decaauts)
 A = Elapsed time spent in this place.
 B = Non-inter-level travel time spent in this place.
 C = Inter-level travel time spent in this place.
 D = Time resting spent in this place.
 E = Time spent auto-exploring this place.
 F = Levels seen in this place.
 G = Mean time per level.
                   A        B        C        D        E       F      G
               +--------+--------+--------+--------+--------+-----+--------+
         Total |   5009 |   4759 |    250 |    895 |   2195 |   6 |  834.8 |
       Dungeon |   4823 |   4580 |    243 |    895 |   2025 |   5 |  964.6 |
        Temple |    185 |    178 |      7 |      0 |    170 |   1 |  185.0 |
               +--------+--------+--------+--------+--------+-----+--------+

Top non-repeatable levels by time:
     D:4: 1963 daAuts
     D:3: 1274 daAuts
     D:2: 691 daAuts
     D:1: 595 daAuts
     D:5: 298 daAuts
  Temple: 185 daAuts
